[Event "Dvaro taure"]
[Site "Taujenai, Lithuania"]
[Date "2021.11.28"]
[Round "7.1"]
[White "Povilaitis, Tomas"]
[Black "Laurusas, Tomas"]
[Result "0-1"]
[WhiteElo "1986"]
[BlackElo "2550"]
[PlyCount "91"]
[EventDate "2021.??.??"]
[TimeControl "10+5"]
[WhiteClock "0:00:53"]
[BlackClock "0:03:05"]

1. e4 c5 2. Nf3 e6 3. Nc3 Nc6 4. Bb5 Nge7 5. O-O Qb6 6. Re1 Nd4 7. Bf1 Nec6 8. Nxd4 cxd4 9. Ne2 Bc5 10. d3 h5 11. f4 h4 12. h3 Bb4 13.
Bd2 Bxd2 14. Qxd2 Qxb2 15. Reb1 Qa3 16. Rb3 Qe7 17. c3 dxc3 18. Qxc3 O-O 19. Rb5 d5 20. exd5 exd5 21. Rxd5 Be6 22. Rh5 Rfd8 23. f5 Rd5 24. f6 Qxf6 25. Qxf6 gxf6 26. Nf4 Rxh5 27. Nxh5 f5 28. a4 b6 29. Be2 Nd4 30. Kf2 Rc8 31. Nf4 Rc5 32. g3 hxg3+ 33.
Kxg3 Rc2 34. Bf3 Ra2 35. Rxa2 Bxa2 36. Bd5 Bb1 37. Bc4 Bc2 38. Bb5 Nxb5 39. axb5 Ba4 40. Nd5 Bxb5 41. Ne7+ Kf8 42. Nc8 Bd7 43. Nxa7 b5 44. Kf4 b4 45. Ke3 f4+ 46. Kd4 0-1

[Event "Dvaro taure"]
[Site "Taujenai, Lithuania"]
[Date "2021.11.28"]
[Round "7.2"]
[White "Viskelis, Darius"]
[Black "Salna, Aleksandras"]
[Result "0-1"]
[WhiteElo "1981"]
[BlackElo "2088"]
[PlyCount "86"]
[EventDate "2021.??.??"]
[TimeControl "10+5"]
[WhiteClock "0:00:15"]
[BlackClock "0:02:19"]

1. e4 c5 2. d4 cxd4 3. c3 Nf6 4. e5 Nd5 5. Bc4 Qc7 6. Qe2 Nb6 7. Bb3 Nc6 8. Nf3 d5 9. exd6 Qxd6 10. cxd4 e6 11. Be3 Bd7 12. Nc3 Na5 13. O-O Nxb3 14. axb3 Be7 15. Nb5 Bxb5 16. Qxb5+ Qd7 17. Qh5 Qd5 18. Qxd5 Nxd5 19. Rfc1 f6 20. Kf1 Kd7 21. Rc4 Nb6 22. Rc2 a6 23. Rac1 Nd5 24. Ke2 Rac8 25. Rxc8 Rxc8 26. Rc4 Bd6 27. g3 Nb6 28. Rxc8 Nxc8 29. Ne1 Kc6 30. Nd3 g5 31. h4 gxh4 32. gxh4 Ne7 33. h5 Kd5 34. Bf4 Nf5 35. Bxd6 Kxd6 36. d5 Kxd5 37. Nf4+ Ke5 38. Nd3+ Kd6 39. Kf3 Nd4+ 40. Ke4 Nxb3 41. h6 Nc5+ 42. Nxc5 Kxc5 43. f4 Kd6 0-1

[Event "Dvaro taure"]
[Site "Taujenai, Lithuania"]
[Date "2021.11.28"]
[Round "7.3"]
[White "Kalvaitis, Sigitas"]
[Black "Juknis, Paulius"]
[Result "1/2-1/2"]
[WhiteElo "2171"]
[BlackElo "2059"]
[PlyCount "129"]
[EventDate "2021.??.??"]
[TimeControl "10+5"]
[WhiteClock "0:00:31"]
[BlackClock "0:00:55"]

1. e4 g6 2. d4 Bg7 3. Nf3 d6 4. Be2 Nf6 5. Nc3 a6 6. a4 O-O 7. O-O b6 8. e5 Nfd7 9. Bf4 dxe5 10. dxe5 e6 11. Qd2 Bb7 12. Rad1 Qc8 13. Rfe1 Nc5 14. Bh6 Nc6 15. Bxg7 Kxg7 16. Qg5 Qe8 17. Bc4 Qe7 18. Qxe7 Nxe7 19. b4 Bxf3 20. gxf3 Nxa4 21. Nxa4 b5 22. Rd7 Rfe8 23. Bxe6 bxa4 24. Ba2 Rac8 25. Re4 c5 26. Rf4 Nf5 27. Rxf7+ Kh6 28. Rf6 Kg5 29. Rg4+ Kh6 30. Be6 Rc6 31. Bxf5 Rxf6 32. exf6 gxf5 33. Rf4 Kg5 34. f7 Rf8 35. Rc4 cxb4 36. Rxb4 Rxf7 37. Rxa4 Rc7 38. f4+ Kg4 39. Kg2 Rxc2 40. h3+ Kh5 41. Rxa6 Rc4 42. Kg3 Rc3+ 43. f3 Rc1 44. Rf6 Rc5 45. Re6 Rc1 46. Rf6 Rc5 47. Kf2 Rb5 48. Re6 Rb2+ 49. Kg3 Rb1 50. Re5 Kg6 51. Kh4 Rf1 52.
Re6+ Kf7 53. Ra6 Rg1 54. Ra7+ Kg6 55. Ra8 Kf7 56. Ra6 Kg7 57. Rb6 h6 58. Rb5 Kg6 59. Rb6+ Kg7 60. Kh5 Rg3 61. Rb7+ Kf6 62. h4 Rxf3 63. Rb6+ Kg7 64. Rb7+ Kf6 65. Rb6+ {[%emt 0:00:03]
Ke5 [%emt 00:00:03]} 1/2-1/2

[Event "Dvaro taure"]
[Site "Taujenai, Lithuania"]
[Date "2021.11.28"]
[Round "7.4"]
[White "Bazilius, Augustinas"]
[Black "Stremavicius, Pijus"]
[Result "1-0"]
[WhiteElo "1911"]
[BlackElo "2175"]
[PlyCount "107"]
[EventDate "2021.??.??"]
[TimeControl "10+5"]
[WhiteClock "0:00:29"]
[BlackClock "0:02:30"]

1. d4 d5 2. c4 e6 3. Nf3 Be7 4. g3 Nf6 5. Bg2 O-O 6. O-O c6 7. Nbd2 b6 8. Qc2 Ba6 9. b3 Nbd7 10. Bb2 Rc8 11. Rac1 c5 12. e3 cxd4 13. Nxd4 Bc5 14. Rfd1 e5 15. N4f3 Qe7 16. Qf5 e4 17. Ne5 Nxe5 18. Bxe5 Qe6 19. Bh3 Rce8 20. Bxf6 Qxf6 21. Qxf6 gxf6 22. cxd5 Be2 23. Re1 Bd3 24. Bf1 Bb4 25. Red1 Re5 26. Bxd3 exd3 27. Rc4 a5 28. Rd4 Rd8 29. Nf3 Rexd5 30. R1xd3 Rxd4 31. Rxd4 Rc8 32. Rc4 Rd8 33. Rd4 Rc8 34. Rc4 Rb8 35. Nd4 Kg7 36. Nc6 Rc8 37.
Nxb4 Rxc4 38. bxc4 axb4 39. Kf1 f5 40. Ke2 Kf6 41. Kd3 Ke5 42.
f3 h6 43. Kc2 Kd6 44. Kb3 Kc5 45. h3 h5 46. g4 fxg4 47. fxg4 hxg4 48. hxg4 f6 49. e4 b5 50. cxb5 Kxb5 51. e5 fxe5 52. g5 e4 53. g6 e3 54. Kc2 1-0

[Event "Dvaro taure"]
[Site "Taujenai, Lithuania"]
[Date "2021.11.28"]
[Round "7.5"]
[White "Povilaitis, Matas"]
[Black "Bagvilas, Lukas"]
[Result "1-0"]
[WhiteElo "1910"]
[BlackElo "2022"]
[PlyCount "133"]
[EventDate "2021.??.??"]
[TimeControl "10+5"]
[WhiteClock "0:00:46"]
[BlackClock "0:00:23"]

1. d4 d5 2. Bf4 Nf6 3. Nf3 c5 4. e3 Nc6 5. Bd3 c4 6. Be2 Bf5 7. c3 Qb6 8.
Qc1 h6 9. h3 e6 10. Nbd2 Be7 11. a3 O-O 12. g4 Bg6 13. g5 hxg5 14. Bxg5 Ne4 15. Bxe7 Nxe7 16. Ne5 Bh7 17. Nd7 Qd6 18. Nxf8 Rxf8 19. Qd1 b5 20. Nxe4 Bxe4 21. Bf3 Bh7 22. Qd2 a5 23. Bd1 Nc6 24. Bc2 f5 25.
f4 Qe7 26. h4 Nd8 27. Qg2 Nf7 28. Kd2 Rb8 29. Rhg1 Nd6 30. Qg5 Qd7 31. Qf6 Rf8 32. Qg5 Ne8 33. Rg2 Nf6 34. Rag1 Rf7 35. Qh6 Qe7 36. h5 Qd7 37.
Qg5 Ng4 38. h6 g6 39. Qh4 Qe7 40. Qh3 Nf6 41. Rg5 Kf8 42. Qg2 Qd7 43. Qf2 Qe7 44. Qe1 Qd6 45. R5g2 Ke7 46. Qh4 Qd8 47. Bd1 Kf8 48. Qh2 Qe7 49. Bf3 Qd6 50. Ra1 Rb7 51. Qg1 Kf7 52. Qd1 b4 53. axb4 axb4 54. Ke1 Qe7 55. Qa4 Nd7 56. Qc6 Nb8 57. Qa4 bxc3 58.
bxc3 Qh4+ 59. Kf1 Qh1+ 60. Kf2 Rb2+ 61. Kg3 Rxg2+ 62. Bxg2 Qxh6 63. Qa7+ Kf6 64. Qxb8 g5 65. Qe5+ Kf7 66. Ra7+ Kg8 67. Qb8+ 1-0

[Event "Dvaro taure"]
[Site "Taujenai, Lithuania"]
[Date "2021.11.28"]
[Round "7.6"]
[White "Bagdanskis, Dangis"]
[Black "Baliasnyj, Timur"]
[Result "0-1"]
[WhiteElo "1861"]
[BlackElo "2001"]
[PlyCount "66"]
[EventDate "2021.??.??"]
[TimeControl "10+5"]
[WhiteClock "0:03:38"]
[BlackClock "0:00:22"]

1. d4 Nf6 2. Nf3 g6 3. Bf4 Bg7 4. e3 O-O 5. Bd3 c5 6. c3 d6 7. Qc2 Nc6 8.
Nbd2 Bg4 9. h3 Bxf3 10. Nxf3 cxd4 11. exd4 Rc8 12. Qd2 e5 13. dxe5 dxe5 14. Bg5 e4 15. Bxf6 Qxf6 16. Bxe4 Rfe8 17. Qd5 Rcd8 18. Qc4 Qf4 19. O-O Rxe4 20. Qb5 Qc7 21. Rfe1 Rde8 22. Red1 h6 23. Rd2 Ne5 24. Nd4 Nc4 25. Rdd1 a6 26. Qb3 Bxd4 27. cxd4 Re2 28. Rac1 Qf4 29. Rf1 Nd2 30. Qxb7 Nxf1 31. Rxf1 Rxf2 32. Rb1 Ree2 33. Kh1 Rxg2 0-1

[Event "Dvaro taure"]
[Site "Taujenai, Lithuania"]
[Date "2021.11.28"]
[Round "7.7"]
[White "Valantiejus, Vaidotas"]
[Black "Sumskis, Rimvydas"]
[Result "0-1"]
[WhiteElo "1962"]
[BlackElo "1895"]
[PlyCount "72"]
[EventDate "2021.??.??"]
[TimeControl "10+5"]
[WhiteClock "0:00:07"]
[BlackClock "0:00:31"]

1. e4 e6 2. d4 d5 3. Nc3 Bb4 4. e5 b6 5. a3 Bf8 6. b4 c5 7. b5 cxd4 8. Qxd4 Qc7 9. Nf3 Nd7 10. Bd2 Ne7 11. Bd3 Ng6 12. Bxg6 hxg6 13. O-O Bb7 14. Rfe1 Rc8 15. Qf4 Qc4 16. Nd4 Be7 17. Nce2 Rh4 18. Qe3 Re4 19. Qh3 Rxe5 20. Qh8+ Bf8 21. Bb4 Rh5 22. Qg8 Qc7 23. g3 Nc5 24. Nf4 Re5 25.
Rxe5 Qxe5 26. Re1 Qxd4 27. Nxe6 fxe6 28. Bxc5 Qxc5 29. Rxe6+ Kd8 30. Qf7 Be7 31. Qxg6 Qxc2 32. Qxg7 Qc1+ 33. Kg2 Qc5 34. Kg1 d4 35. Qg8+ Kd7 36. Rxe7+ Qxe7 0-1

[Event "Dvaro taure"]
[Site "Taujenai, Lithuania"]
[Date "2021.11.28"]
[Round "7.9"]
[White "Aleknavicius, Andrius"]
[Black "Griksaite, Egle"]
[Result "1-0"]
[WhiteElo "1942"]
[BlackElo "1508"]
[PlyCount "67"]
[EventDate "2021.??.??"]
[TimeControl "10+5"]
[WhiteClock "0:00:28"]
[BlackClock "0:00:09"]

1. d4 Nf6 2. Bf4 g6 3. Nc3 d6 4. e4 Bg7 5. Qd2 Nbd7 6. O-O-O Nh5 7. Bg5 h6 8. Bh4 g5 9. Bg3 Nxg3 10. hxg3 e5 11. dxe5 Nxe5 12. f4 Nc6 13. Bc4 Qe7 14. Nd5 Qd8 15. Nf3 gxf4 16. gxf4 Be6 17. Rhe1 O-O 18. Rh1 Bxd5 19. Bxd5 Qf6 20. c3 Ne7 21. Bb3 Ng6 22. g3 Rfe8 23.
Rde1 Rad8 24. Nd4 Rd7 25. Nf5 Ne7 26. Nxg7 Qxg7 27. Qh2 Kh7 28. Bxf7 Ng6 29. Bxe8 Re7 30. Bxg6+ Qxg6 31. Qh5 Qg7 32. Qf5+ Kg8 33. Rh4 Qxg3 34. Rg4+ 1-0

[Event "Dvaro taure"]
[Site "Taujenai, Lithuania"]
[Date "2021.11.28"]
[Round "7.10"]
[White "Posaskov, Nikita"]
[Black "Spevak, Dovydas"]
[Result "1/2-1/2"]
[WhiteElo "1971"]
[BlackElo "1523"]
[PlyCount "244"]
[EventDate "2021.??.??"]
[TimeControl "10+5"]
[WhiteClock "0:03:50"]
[BlackClock "0:00:39"]

1. d4 d5 2. c4 e6 3. Nf3 c6 4. g3 Bd6 5. Bg2 f5 6. O-O Nf6 7. b3 O-O 8. Ba3 Bxa3 9. Nxa3 Nbd7 10. Nc2 b6 11. Nb4 Bb7 12. Nd3 c5 13. dxc5 Nxc5 14. cxd5 Nxd3 15. Qxd3 Qxd5 16. Qxd5 Bxd5 17. Nd4 Bxg2 18. Kxg2 Kf7 19. Rac1 Rfc8 20. Nb5 Ke7 21. Rxc8 Rxc8 22. Nxa7 Rc2 23. Ra1 Rxe2 24. Nc8+ Kd7 25. Nxb6+ Kc7 26. Nc4 Ne4 27. a4 Rxf2+ 28. Kg1 Rc2 29. a5 Kb7 30. Rd1 Kc7 31. Ra1 Kb7 32. Na3 Rb2 33. a6+ Ka8 34. Nb5 Rxb3 35. Nc7+ Ka7 36. Nxe6 g6 37. Nf8 Nxg3 38. hxg3 Rxg3+ 39. Kf2 Rb3 40. Nxh7 Rb6 41. Nf8 Rxa6 42. Rg1 Rf6 43. Nxg6 Kb6 44. Kf3 Kc5 45. Kf4 Ra6 46. Kxf5 Kd4 47. Rd1+ Ke3 48. Ne5 Ra4 49. Rd3+ Ke2 50. Rb3 Rh4 51. Ng4 Kd2 52. Nf6 Ra4 53. Ne4+ Kc2 54. Rh3 Ra8 55. Ke5 Re8+ 56. Kd5 Ra8 57. Kc4 Rc8+ 58. Nc5 Rg8 59. Rh2+ Kc1 60. Nb3+ Kd1 61. Nd4 Rg7 62. Nf5 Rg8 63. Kd3 Rd8+ 64. Nd4 Ke1 65. Ra2 Rd7 66. Ke3 Re7+ 67. Kf3 Rd7 68. Nf5 Rf7 69. Ke4 Rf8 70. Nd4 Rh8 71. Ke3 Re8+ 72. Kd3 Rh8 73. Nf3+ Kf1 74. Ke3 Re8+ 75. Kf4 Rf8+ 76. Ke4 Re8+ 77. Ne5 Rd8 78. Ng6 Rd7 79. Nf4 Rf7 80. Kf3 Ke1 81. Rh2 Rf8 82.
Ke4 Re8+ 83. Kd4 Rd8+ 84. Nd5 Kd1 85. Kc4 Ke1 86. Nf4 Rd7 87.
Ne6 Rd6 88. Nd4 Rd8 89. Re2+ Kf1 90. Ra2 Ke1 91. Kd3 Rd7 92. Ke3 Re7+ 93. Kf4 Rf7+ 94. Nf5 Rf8 95. Ke4 Re8+ 96. Kd5 Rd8+ 97. Nd6 Kd1 98. Ra7 Ke1 99. Rh7 Kd1 100. Ke5 Ke1 101. Nf5 Re8+ 102. Kd4 Rd8+ 103. Ke4 Re8+ 104. Ne7 Kd1 105. Ke3 Ra8 106. Rh1+ Kc2 107. Nf5 Re8+ 108. Kd4 Rd8+ 109. Ke5 Re8+ 110. Kd5 Ra8 111. Nd4+ Kd2 112.
Rh2+ Kd3 113. Rh3+ Kd2 114. Nf5 Rd8+ 115. Nd6 Rd7 116. Ke6 Ra7 117. Ke5 Re7+ 118. Kd5 Rd7 119. Kc6 Ra7 120. Nb5 Rg7 121. Kc5 Rg8 122. Nd6 Ra8 1/2-1/2

[Event "Dvaro taure"]
[Site "Taujenai, Lithuania"]
[Date "2021.11.28"]
[Round "7.12"]
[White "Tilvikas, Justas"]
[Black "Griksaite, Ieva"]
[Result "1-0"]
[WhiteElo "1849"]
[BlackElo "1518"]
[PlyCount "77"]
[EventDate "2021.??.??"]
[TimeControl "10+5"]
[WhiteClock "0:00:44"]
[BlackClock "0:02:00"]

1. d4 Nf6 2. c4 c5 3. d5 g6 4. Nc3 Bg7 5. e4 d6 6. Nf3 O-O 7. Be2 a6 8. a4 b6 9. O-O e6 10. dxe6 Bxe6 11. Bg5 h6 12. Bh4 Nc6 13. Qc2 Qc7 14. Rad1 Rfd8 15. Nd5 Bxd5 16. exd5 Nb4 17. Qc3 g5 18. Bg3 Ne4 19. Qb3 Nxg3 20.
hxg3 Re8 21. Rfe1 Re7 22. Bd3 Nxd3 23. Rxe7 Qxe7 24. Qxd3 Qf6 25. Re1 Rb8 26. b3 Kf8 27. Re4 Re8 28. Rxe8+ Kxe8 29. Qe4+ Kd8 30. Qh7 Bf8 31. Qe4 Bg7 32. g4 Qa1+ 33. Kh2 Be5+ 34. Nxe5 Qxe5+ 35. Qxe5 dxe5 36. Kg3 Ke7 37. Kf3 a5 38. Ke4 Kf6 39. f3 1-0

[Event "Dvaro taure"]
[Site "Taujenai, Lithuania"]
[Date "2021.11.28"]
[Round "7.13"]
[White "Maciuitis, Ignas"]
[Black "Andrusevics, Jegors"]
[Result "1-0"]
[WhiteElo "1862"]
[BlackElo "1586"]
[PlyCount "81"]
[EventDate "2021.??.??"]
[TimeControl "10+5"]
[WhiteClock "0:06:04"]
[BlackClock "0:00:24"]

1. e4 e6 2. d4 d5 3. Nc3 Bb4 4. e5 c5 5. a3 Bxc3+ 6. bxc3 Ne7 7. Qg4 Kf8 8.
h4 cxd4 9. cxd4 Nbc6 10. c3 Bd7 11. Bd3 Rc8 12. Bd2 Nf5 13. Ne2 Na5 14. Rb1 b6 15. Nf4 Nc4 16. Bxf5 exf5 17. Qf3 Nxd2 18. Kxd2 Be6 19. Nxe6+ fxe6 20. g4 Qd7 21. h5 Ke7 22. gxf5 exf5 23. Rhg1 Ke6 24. Rg5 Qf7 25. Rbg1 Rhg8 26. a4 g6 27. Rb1 h6 28. hxg6 Rxg6 29. Rh5 Rh8 30. Rb5 Rd8 31. a5 f4 32. axb6 Qd7 33. Qd3 Rdg8 34. b7 Qc7 35. b8=Q Rxb8 36. Qxg6+ Kd7 37. Rxb8 Qxb8 38. Qf7+ Kc6 39. Rxh6+ Kb5 40. Qxd5+ Ka4 41. Ra6# 1-0

[Event "Dvaro taure"]
[Site "Taujenai, Lithuania"]
[Date "2021.11.28"]
[Round "7.14"]
[White "Andrijauskas, Domas"]
[Black "Gerasimovic, Stanislav"]
[Result "0-1"]
[WhiteElo "1441"]
[BlackElo "1790"]
[PlyCount "88"]
[EventDate "2021.??.??"]
[TimeControl "10+5"]
[WhiteClock "0:00:08"]
[BlackClock "0:05:46"]

1. c4 e5 2. Nc3 Nf6 3. e3 c6 4. d4 e4 5. d5 Bb4 6. dxc6 Nxc6 7. Nge2 O-O 8.
Nd4 d5 9. Nxc6 bxc6 10. Qb3 Rb8 11. a3 Bd6 12. Qc2 Ba6 13. b3 Be5 14. Be2 d4 15. exd4 Bxd4 16. O-O Qe7 17. Be3 c5 18. Rad1 Rbd8 19. a4 h6 20. Nb5 Bxb5 21. axb5 Rd7 22. h3 Rfd8 23. Kh1 Qe5 24. Kg1 Bxe3 25. fxe3 Qg3 26. Qc3 Rd6 27. Rxd6 Rxd6 28. Rd1 Rxd1+ 29. Bxd1 Qd6 30. Bc2 g6 31. Qa5 Qd7 32. Qa6 Kg7 33. Kh2 Qc7+ 34. Kh1 Qe7 35. Qc6 Qe5 36. Qa6 Qc3 37. Qa2 h5 38. Kh2 h4 39. Bb1 Nh5 40.
Bxe4 Qe5+ 41. Kg1 Qxe4 42. Qxa7 Qxe3+ 43. Kh2 Ng3 44. Qc7 Qe1 {[%emt 0:00:
06] Kg1 [%emt 00:00:09]} 0-1

[Event "Dvaro taure"]
[Site "Taujenai, Lithuania"]
[Date "2021.11.28"]
[Round "7.15"]
[White "Muralis, Aloyzas"]
[Black "Velicka, Ramunas"]
[Result "1-0"]
[WhiteElo "1748"]
[BlackElo "1606"]
[PlyCount "54"]
[EventDate "2021.??.??"]
[TimeControl "10+5"]
[WhiteClock "0:08:31"]
[BlackClock "0:04:42"]

1. e4 e5 2. Bc4 Nf6 3. Nc3 Nc6 4. d3 a6 5. a3 Bc5 6. h3 b5 7. Ba2 Bb7 8.
Nge2 d6 9. Ng3 Ne7 10. O-O Ng6 11. Bg5 h6 12. Be3 Bxe3 13. fxe3 O-O 14. Nf5 Bc8 15. Qe1 c6 16. Qf2 Bxf5 17. Qxf5 Qe7 18. Qxg6 d5 19. Qf5 d4 20. exd4 exd4 21. Ne2 Rad8 22. Ng3 Kh8 23. Qf2 c5 24. Nf5 Qe5 25.
Nxh6 Nh5 26. Nxf7+ Rxf7 27. Qxf7 Nf4 1-0

[Event "Dvaro taure"]
[Site "Taujenai, Lithuania"]
[Date "2021.11.28"]
[Round "7.16"]
[White "Mulevicius, Andrius"]
[Black "Aleidzans, Vadims"]
[Result "1-0"]
[WhiteElo "1698"]
[BlackElo "1563"]
[PlyCount "155"]
[EventDate "2021.??.??"]
[TimeControl "10+5"]
[WhiteClock "0:00:13"]
[BlackClock "0:00:12"]

1. e4 e5 2. Nf3 Nc6 3. d4 exd4 4. Bc4 Nf6 5. O-O Bc5 6. c3 dxc3 7. e5 d5 8.
exf6 dxc4 9. fxg7 Rg8 10. Nxc3 Qxd1 11. Rxd1 Be6 12. Bh6 Rd8 13. Ng5 Be7 14. Nxh7 Bf5 15. Nb5 Rc8 16. Ng5 Bxg5 17. Bxg5 Rxg7 18. Re1+ Be6 19. Bf4 Nb4 20. Nxc7+ Rxc7 21. Bxc7 Nc2 22. Rxe6+ fxe6 23. Rc1 Rxc7 24. Rxc2 b5 25. Kf1 a5 26. a3 Kd7 27. Ke2 Kd6 28. Ke3 Ke5 29. f4+ Kf5 30.
h3 Rd7 31. g4+ Kf6 32. Rd2 Rh7 33. Rh2 Rd7 34. Ke4 Rd3 35. g5+ Kf7 36. h4 b4 37. axb4 axb4 38. h5 Rd1 39. h6 Kg8 40. g6 Rg1 41. g7 Kh7 42.
Ke5 Re1+ 43. Kf6 c3 44. bxc3 bxc3 45. Kf7 Rg1 46. Kxe6 c2 47.
Rxc2 Kxh6 48. Kf6 Rg6+ 49. Kf5 Kxg7 50. Rc7+ Kh6 51. Rf7 Rg1 52. Kf6 Rf1 53. f5 Rf2 54. Re7 Kh5 55. Rg7 Rf1 56. Ke6 Kh6 57.
Rg6+ Kh7 58. Kf6 Rf2 59. Rg5 Rf1 60. Rh5+ Kg8 61. Rg5+ Kf8 62.
Rg2 Rf3 63. Rh2 Kg8 64. Rh4 Rf1 65. Ra4 Rf2 66. Ra5 Re2 67. Ra8+ Kh7 68. Kf7 Rb2 69. Ra7 Kh8 70. f6 Rf2 71. Ra5 Rh2 72. Rg5 Kh7 73. Kf8 Ra2 74. Rg7+ Kh6 75. Re7 Kg6 76. f7 Ra8+ 77. Re8 Ra6 78. Kg8 1-0

[Event "Dvaro taure"]
[Site "Taujenai, Lithuania"]
[Date "2021.11.28"]
[Round "7.17"]
[White "Bubnys, Marius"]
[Black "Kurmis, Edvinas"]
[Result "0-1"]
[WhiteElo "1490"]
[BlackElo "1665"]
[PlyCount "102"]
[EventDate "2021.??.??"]
[TimeControl "10+5"]
[WhiteClock "0:00:12"]
[BlackClock "0:00:50"]

1. c4 c5 2. Nc3 Nc6 3. Nf3 Nf6 4. g3 g6 5. Bg2 Bg7 6. O-O O-O 7. d3 d6 8.
Bg5 a6 9. Qd2 Re8 10. a3 Bd7 11. e4 e6 12. Rab1 Qc7 13. b4 Nd4 14. Nxd4 cxd4 15. Ne2 e5 16. Bxf6 Bxf6 17. f4 Bg7 18. h3 b5 19. Rbc1 bxc4 20.
Rxc4 Qb7 21. Rfc1 Rac8 22. g4 Bb5 23. Rxc8 Rxc8 24. Rxc8+ Qxc8 25. f5 Qd7 26. Qc2 Bh6 27. Kh2 Qc6 28. Qb3 Ba4 29. Qc4 Bd2 30.
fxg6 hxg6 31. h4 Qxc4 32. dxc4 d3 33. Ng3 Bf4 34. Bf3 d2 35.
c5 dxc5 36. bxc5 d1=Q 37. Bxd1 Bxd1 38. c6 Ba4 39. c7 Bd7 40.
Kg2 Be3 41. h5 Bb6 42. hxg6 fxg6 43. Ne2 Bxc7 44. Kf3 Bd6 45. Nc3 Bxa3 46. Nd5 Kf7 47. g5 Bc6 48. Nf6 Be7 49. Ng4 Ke6 50. Nf2 Bxg5 51. Nd3 Be7 0-1

[Event "Dvaro taure"]
[Site "Taujenai, Lithuania"]
[Date "2021.11.28"]
[Round "7.18"]
[White "Breikss, Peteris"]
[Black "Mecelis, Arturas (J)"]
[Result "1-0"]
[WhiteElo "1622"]
[BlackElo "1562"]
[PlyCount "71"]
[EventDate "2021.??.??"]
[TimeControl "10+5"]
[WhiteClock "0:00:42"]

1. e4 e5 2. Nf3 Nc6 3. Bb5 a6 4. Ba4 b5 5. Bb3 Nf6 6. O-O Bc5 7. c3 d6 8. d4 exd4 9. cxd4 Bb6 10. Bg5 O-O 11. e5 dxe5 12. d5 Nd4 13. Nxd4 Bxd4 14. Nc3 Qd6 15. Qf3 Nd7 16. Ne4 Qg6 17. h4 Nc5 18. Nxc5 Bxc5 19. Be3 Bd6 20. h5 Qg4 21. Qxg4 Bxg4 22. h6 f5 23. hxg7 Kxg7 24. f4 e4 25.
Bd4+ Kf7 26. a4 Rfe8 27. axb5 Be2 28. Rfc1 Bxf4 29. Rc6 Ke7 30.
bxa6 Kd7 31. Rf6 Rf8 32. Rxf8 Rxf8 33. a7 Ra8 34. Ba4+ Kd6 35.
Bc6 Ba6 36. Bxa8 1-0

[Event "Dvaro taure"]
[Site "Taujenai, Lithuania"]
[Date "2021.11.28"]
[Round "7.19"]
[White "Jonaitis, Herkus"]
[Black "Cmilis, Viktoras"]
[Result "1/2-1/2"]
[WhiteElo "1277"]
[BlackElo "1621"]
[PlyCount "112"]
[EventDate "2021.??.??"]
[TimeControl "10+5"]
[WhiteClock "0:03:49"]
[BlackClock "0:00:58"]

1. d4 d5 2. c4 c6 3. cxd5 cxd5 4. Nc3 Nf6 5. Nf3 Nc6 6. Bf4 Bf5 7. e3 e6 8. Bb5 Nd7 9. O-O Be7 10. Qa4 Rc8 11. Bxc6 Rxc6 12. Qxa7 Qc8 13. Qa4 O-O 14. Rac1 h6 15. Qd1 Qd8 16. Ne5 Nxe5 17. Bxe5 f6 18.
Bg3 Qe8 19. Qd2 Ra6 20. a3 g5 21. h3 Kg7 22. Nb5 Qg6 23. Rc7 Rf7 24. Rxb7 h5 25. Rc1 h4 26. Bh2 g4 27. Bf4 gxh3 28. g3 Qg4 29. Qd1 hxg3 30.
Qxg4+ Bxg4 31. fxg3 Be2 32. Nc3 Bd3 33. Kh2 Ra8 34. a4 Kg6 35.
Ra1 Kf5 36. Bd6 Re8 37. a5 Kg6 38. Bxe7 Rexe7 39. Rxe7 Rxe7 40. a6 Ra7 41. b4 Rxa6 42. Rxa6 Bxa6 43. Kxh3 Kf5 44. g4+ Kg5 45. b5 Bb7 46. b6 f5 47. gxf5 Kxf5 48. Kg3 Bc6 49. Nb5 Ke4 50. Nd6+ Kxe3 51. b7 Bxb7 52. Nxb7 Kxd4 53. Kf3 Kd3 54. Nc5+ Kc4 55. Nxe6 d4 56. Nxd4 Kxd4 1/2-1/2

[Event "Dvaro taure"]
[Site "Taujenai, Lithuania"]
[Date "2021.11.28"]
[Round "7.20"]
[White "Vainermanas, Berelis"]
[Black "Posaskov, Sergej"]
[Result "1/2-1/2"]
[WhiteElo "1663"]
[BlackElo "1539"]
[PlyCount "56"]
[EventDate "2021.??.??"]
[TimeControl "10+5"]
[WhiteClock "0:03:12"]
[BlackClock "0:05:12"]

1. d4 Nf6 2. Nf3 c6 3. c4 e6 4. a3 d5 5. cxd5 exd5 6. Nc3 Nbd7 7. Bg5 Be7 8.
e3 O-O 9. Bd3 Ne8 10. Bf4 g6 11. O-O Bf6 12. e4 dxe4 13. Nxe4 Bg7 14. Bc4 Nb6 15. Ba2 Bf5 16. Nc5 Bc8 17. Bg5 Qd6 18. Re1 Nf6 19. Ne5 Nbd5 20. Ne4 Nxe4 21. Rxe4 f6 22. Nc4 Qc7 23. Bh4 Bf5 24. Re1 b5 25.
Ne3 Qd7 26. Rc1 Be6 27. Qf3 Rac8 28. Bg3 Bh8 1/2-1/2

[Event "Dvaro taure"]
[Site "Taujenai, Lithuania"]
[Date "2021.11.28"]
[Round "7.21"]
[White "Satkauskas, Benediktas"]
[Black "Praspaliauskas, Matas"]
[Result "1/2-1/2"]
[WhiteElo "1392"]
[BlackElo "1443"]
[PlyCount "59"]
[EventDate "2021.??.??"]
[TimeControl "10+5"]
[WhiteClock "0:06:29"]
[BlackClock "0:04:36"]

1. d4 d5 2. Bf4 Nf6 3. e3 e6 4. Nf3 Bd6 5. Bg5 O-O 6. Be2 Nbd7 7. O-O b6 8. Nbd2 Bb7 9. Rc1 c5 10. dxc5 Nxc5 11. c4 Rc8 12. cxd5 Bxd5 13. Bc4 Be7 14. Bf4 Bxc4 15. Nxc4 Nd3 16. Rc2 Nxf4 17. exf4 Qxd1 18. Rxd1 b5 19. Ne3 Rxc2 20. Nxc2 Rc8 21. Ne3 h6 22. h3 Ne4 23.
f5 exf5 24. Nxf5 Bf6 25. Re1 Ng5 26. Nxg5 Bxg5 27. Ne7+ Bxe7 28.
Rxe7 Rc2 29. Rxa7 Rxb2 30. a3 1/2-1/2

[Event "Dvaro taure"]
[Site "Taujenai, Lithuania"]
[Date "2021.11.28"]
[Round "7.22"]
[White "Mikulinaite, Meta"]
[Black "Paliulis, Aivaras"]
[Result "0-1"]
[WhiteElo "1104"]
[BlackElo "1714"]
[PlyCount "100"]
[EventDate "2021.??.??"]
[TimeControl "10+5"]
[WhiteClock "0:01:02"]
[BlackClock "0:01:51"]

1. e4 e5 2. Nf3 Nc6 3. Bc4 Bc5 4. O-O d6 5. h3 Be6 6. Bb3 Nf6 7. Re1 O-O 8.
Ng5 Nd4 9. Bxe6 Nxe6 10. Nf3 Nh5 11. Nxe5 Qh4 12. Ng4 Nhf4 13.
Qf3 h5 14. Ne3 Nd4 15. Qg3 Nde2+ 16. Kh2 Nxg3 17. fxg3 Qf6 18. gxf4 Qxf4+ 19. Kg1 Qxe4 20. Nc3 Bxe3+ 21. Rxe3 Qxc2 22. Rg3 Rae8 23.
Rf3 Re1+ 24. Rf1 Rfe8 25. d4 Rxf1+ 26. Kxf1 Qd3+ 27. Kf2 Qxd4+ 28. Kg3 Re1 29. a3 Qd3+ 30. Kh2 Qc2 31. Na2 d5 32. Nb4 Qc4 33.
Na2 d4 34. b4 d3 35. a4 d2 36. Bxd2 Rxa1 37. Nc1 Rxc1 38. Bxc1 Qxc1 39. Kg3 Qc4 40. Kh2 Qxb4 41. Kg3 Qxa4 42. Kh2 Qd4 43. Kg3 c5 44. Kh2 c4 45. Kg3 c3 46. Kh2 c2 47. Kg3 c1=Q 48. Kh2 Qcd2 49. Kh1 Q4f2 50. Kh2 Qxg2# 0-1

[Event "Dvaro taure"]
[Site "Taujenai, Lithuania"]
[Date "2021.11.28"]
[Round "7.23"]
[White "Griksaite, Ruta"]
[Black "Zalimas, Ugnius"]
[Result "0-1"]
[WhiteElo "1098"]
[BlackElo "1392"]
[PlyCount "104"]
[EventDate "2021.??.??"]
[TimeControl "10+5"]
[WhiteClock "0:04:18"]
[BlackClock "0:07:38"]

1. d4 Nf6 2. Nf3 d6 3. Bf4 g6 4. e3 Bg7 5. h3 O-O 6. c3 b6 7. Bc4 Bb7 8.
Nbd2 Nbd7 9. O-O Qe8 10. Re1 e5 11. Bg3 e4 12. Nh2 Qe7 13. Nhf1 c5 14. a3 d5 15. Ba2 c4 16. Qc2 Rac8 17. Bh2 b5 18. Rad1 a5 19. Qc1 Ra8 20.
f3 exf3 21. gxf3 Qe6 22. Kg2 Nb6 23. Bb1 Bc8 24. e4 Qxh3+ 25. Kg1 dxe4 26. fxe4 Bg4 27. Nf3 Bxf3 28. Rd2 Bh6 29. Ne3 Nxe4 30. Bxe4 Bxe4 31. Rf2 Nd5 32. Qd2 Nxe3 33. Rxe3 Bxe3 34. Qe2 Bxf2+ 35. Qxf2 Qg4+ 36. Kf1 Qd1+ 37. Qe1 Bg2+ 38. Kf2 Qxe1+ 39. Kxe1 Rfe8+ 40. Kf2 Be4 41. Be5 Rxe5 42. dxe5 Re8 43. Ke3 Rxe5 44. Kd2 Bd3 45. Kc1 h5 46. a4 bxa4 47. b4 axb3 48. Kb2 h4 49. Kc1 h3 50. Kb2 Re2+ 51. Kc1 h2 52.
Kd1 h1=Q# 0-1

[Event "Dvaro taure"]
[Site "Taujenai, Lithuania"]
[Date "2021.11.28"]
[Round "7.24"]
[White "Pokrovskij, Denis"]
[Black "Jasas, Ignas"]
[Result "0-1"]
[WhiteElo "1085"]
[BlackElo "1216"]
[PlyCount "58"]
[EventDate "2021.??.??"]
[TimeControl "10+5"]
[WhiteClock "0:05:05"]
[BlackClock "0:05:55"]

1. c4 Nf6 2. Nc3 g6 3. g3 d5 4. cxd5 Nxd5 5. d4 Nxc3 6. bxc3 Bg7 7. Bg2 O-O 8. e3 c5 9. Ne2 Bg4 10. Bxb7 Nd7 11. Bxa8 Qxa8 12. Rf1 cxd4 13. cxd4 e5 14. Bb2 exd4 15. Bxd4 Ne5 16. Bxe5 Bxe5 17. Rc1 Rd8 18. Qa4 Bxe2 19. Kxe2 Qb7 20. Qc4 Kg7 21. f4 Bf6 22. Rfd1 Qg2+ 23. Ke1 Qg1+ 24. Qf1 Qxe3+ 25. Qe2 Qg1+ 26. Qf1 Re8+ 27. Kd2 Qe3+ 28. Kc2 Qc3+ 29. Kb1 Qb2# {
[%emt 0:00:05] Qe1 [%clk 00:05:02] [%emt 00:00:04]} 0-1